 Dungeon Crawl Stone Soup version 0.31-a0-986-g5e6e4ef867 (webtiles) character file.

Game seed: 6574585855468784800

112 Vomitron the Sneak (level 4, -1/21 HPs)
             Began as a Spriggan Enchanter on Nov 11, 2023.
             Slain by a river rat (9 damage)
             ... on level 3 of the Dungeon.
             The game lasted 00:05:36 (2350 turns).

Vomitron the Sneak (Spriggan Enchanter)             Turns: 2350, Time: 00:05:37

Health: -1/21      AC:  2    Str:  4    XL:     4   Next: 64%
Magic:  0/10       EV: 18    Int: 16    God:
Gold:   127        SH:  0    Dex: 17    Spells: 2/10 levels left

rFire   . . .        a - +1 dagger
rCold   . . .        (no shield)
rNeg    . . .        b - +0 robe
rPois   .            (helmet restricted)
rElec   .            (no cloak)
rCorr   .            (gloves unavailable)
SInv    +            (boots unavailable)
Will    .....        (no amulet)
Stlth   +++          (no ring)
HPRegen 0.23/turn    (no ring)
MPRegen 0.12/turn

%: no passive effects
@: very slightly contaminated, very quick
A: very small, no large weapons, unfitting armour, see invisible, speed 3
a: no special abilities


You were on level 3 of the Dungeon.
You visited 1 branch of the dungeon, and saw 3 of its levels.

You collected 127 gold pieces.

Inventory:

Hand Weapons
 a - a +1 dagger (weapon)
Armour
 b - a +0 robe (worn)
Wands
 m - a wand of mindburst (11)
Scrolls
 d - a scroll of torment {unknown}
 e - 2 scrolls of poison {unknown}
 f - 2 scrolls of identify {unknown}
 g - 2 scrolls of fog {unknown}
 h - 2 scrolls of immolation {unknown}
 i - a scroll of brand weapon {unknown}
 l - 2 scrolls of revelation {unknown}
 n - a scroll of noise {unknown}
 o - a scroll of blinking {unknown}
Potions
 c - 3 potions of invisibility
 j - a potion of lignification {unknown}
 k - a potion of enlightenment {unknown}


   Skills:
 * Level 2.8 Short Blades
 - Level 3.1 Dodging
 + Level 5.4 Stealth
 + Level 3.6 Spellcasting
 + Level 4.3 Hexes


You had 2 spell levels left.
You knew the following spells:

 Your Spells              Type           Power      Damage    Failure   Level
a - Ensorcelled Hibernat  Hex/Ice        18%        N/A       11%         2
b - Tukima's Dance        Hex            16%        N/A       9%          3
c - Confusing Touch       Hex            16%        N/A       9%          3

Your spell library contained the following spells:

 Spells                   Type           Power      Damage    Failure   Level
 Dazzling Flash           Conj/Hex       18%        N/A       22%         3


Dungeon Overview and Level Annotations

Branches:
Dungeon (3/15)

Altars:
Ru


Innate Abilities, Weirdness & Mutations

You are very small and have problems with some larger weapons.
You are too small for most types of armour.
You have supernaturally acute eyesight. (SInv)
You cover ground extremely quickly. (Speed+++)


Message History

Unknown command.
The helpless giant cockroach fails to defend itself.
You impale the giant cockroach!!
You kill the giant cockroach!
Casting: Ensorcelled Hibernation (safe; 11% risk of failure)
Confirm with . or Enter, or press ? or * to list all spells.
Aiming: Ensorcelled Hibernation (safe; 11% risk of failure)
Press: ? - help, Shift-Dir - straight line, f - river rat
Aim: a river rat (chance to affect: 51%)
You miscast Ensorcelled Hibernation.
You are very lightly contaminated with residual magic.
Nothing appears to happen.
The river rat bites you!
Unknown command.
Unknown command.
Casting: Ensorcelled Hibernation (safe; 11% risk of failure)
Confirm with . or Enter, or press ? or * to list all spells.
Aiming: Ensorcelled Hibernation (safe; 11% risk of failure)
Press: ? - help, Shift-Dir - straight line, f/p - river rat
Aim: a river rat (chance to affect: 51%)
The river rat resists with significant effort.
The river rat completely misses you.
Unknown command.
Unknown command.
Casting: Ensorcelled Hibernation (safe; 11% risk of failure)
Confirm with . or Enter, or press ? or * to list all spells.
Aiming: Ensorcelled Hibernation (safe; 11% risk of failure)
Press: ? - help, Shift-Dir - straight line, f/p - river rat
Aim: a river rat (chance to affect: 51%)
You miscast Ensorcelled Hibernation.
Nothing appears to happen.
The river rat bites you!
Unknown command.
Unknown command.
Casting: Ensorcelled Hibernation (safe; 11% risk of failure)
Confirm with . or Enter, or press ? or * to list all spells.
Aiming: Ensorcelled Hibernation (safe; 11% risk of failure)
Press: ? - help, Shift-Dir - straight line, f/p - river rat
Aim: a river rat (chance to affect: 51%)
The river rat resists with significant effort.
The river rat bites you!
You die...

#~## ####
#~# #~# #~#
#.# #~# #~#
#.#######~#
##@r~~~~~#
#########


You could see a river rat.

Vanquished Creatures
  A hound (D:2)
  Ijyb (D:2)
  An adder (D:2)
  A dart slug (D:1)
  3 endoplasms
  5 giant cockroaches
  10 goblins
  2 hobgoblins (D:1)
  3 kobolds
  2 quokkas
  5 ball pythons (D:1)
  2 bats (D:1)
  4 frilled lizards
  5 rats
45 creatures vanquished.

Notes
Turn   | Place    | Note
-------+----------+-------------------------------------------
     0 | D:1      | Vomitron the Spriggan Enchanter began the quest for the
                  | Orb.
     0 | D:1      | Reached XP level 1. HP: 9/9 MP: 5/5
   276 | D:1      | Reached XP level 2. HP: 13/13 MP: 6/6
  1241 | D:2      | Learned a level 2 spell: Ensorcelled Hibernation
  1286 | D:1      | Reached XP level 3. HP: 16/16 MP: 3/8
  1410 | D:2      | Learned a level 3 spell: Tukima's Dance
  1414 | D:2      | Learned a level 3 spell: Confusing Touch
  1443 | D:2      | Noticed Ijyb
  1612 | D:2      | Killed Ijyb
  1613 | D:2      | Reached skill level 5 in Stealth
  1839 | D:2      | Reached XP level 4. HP: 21/21 MP: 4/10
  1892 | D:2      | Found a sacrificial altar of Ru.
  2350 | D:3      | Slain by a river rat

Illustrated notes

Levels and vault maps discovered:
D:1:      roderic_chinese_lattice_arrival, layout_basic
D:2:      kennysheep_the_goblin_king, layout_loops_ring, basic_altar
D:3:      layout_rooms, gup_sewer_entry_spiral

Skill      XL: |  1  2  3 |
---------------+----------+-----
Dodging        | 3 |  3.1
Spellcasting   | 3 |  3.6
Hexes          | 4 |  4.3
Short Blades   | 2 |  2.8
Stealth        | 5 |  5.4

Action                     |  1- 3 |  4- 6 || total
---------------------------+-------+-------++-------
  Melee: Dagger            |   125 |    29 ||   154
   Cast: Ensorcelled Hiber |    11 |     6 ||    17
   Stab: Sleeping          |    10 |     6 ||    16
 Armour: Robe              |    37 |     5 ||    42
  Dodge: Dodged            |    81 |    20 ||   101

Table legend: (Time is in decaauts)
 A = Elapsed time spent in this place.
 B = Non-inter-level travel time spent in this place.
 C = Inter-level travel time spent in this place.
 D = Time resting spent in this place.
 E = Time spent auto-exploring this place.
 F = Levels seen in this place.
 G = Mean time per level.
                   A        B        C        D        E       F      G
               +--------+--------+--------+--------+--------+-----+--------+
         Total |   1631 |   1573 |     58 |    215 |    756 |   3 |  543.7 |
       Dungeon |   1631 |   1573 |     58 |    215 |    756 |   3 |  543.7 |
               +--------+--------+--------+--------+--------+-----+--------+

Top non-repeatable levels by time:
     D:1: 838 daAuts
     D:2: 747 daAuts
     D:3: 45 daAuts
